[Event "Team 45 45 League T40"]
[Site "Internet Chess Club"]
[Date "2009.02.08"]
[Round "2"]
[White "t-hobbes"]
[Black "cobra2008"]
[Result "0-1"]
[WhiteElo "1334"]
[BlackElo "1416"]
[Opening "QGD: 4.Bg5"]
[ECO "D38"]
[Time "13:00:11"]
[TimeControl "2700+45"]

1. d4 d5 2. c4 e6 3. Nc3 Nf6 4. Bg5 Bb4 5. Nf3 Bxc3+ 6. bxc3 h6 7. Bh4 O-O 8.
Qc1 Nbd7 9. e3 b6 10. Bd3 c5 11. Ne5 a6 12. O-O Rb8 13. Nc6 Qc7 14. Nxb8 Qxb8
15. Bg3 Qb7 16. Rb1 Nh5 17. Bd6 Re8 18. dxc5 Qc6 19. cxd5 Qxd5 20. Qc2 bxc5 21.
Bb8 Bb7 22. Bc7 Qxg2# {White checkmated} 0-1

[Event "Team 45 45 League T40"]
[Site "Internet Chess Club"]
[Date "2009.02.08"]
[Round "2"]
[White "Check101"]
[Black "conron"]
[Result "1-0"]
[WhiteElo "1348"]
[BlackElo "1334"]
[Opening "two knights defense: Colman variation"]
[ECO "C58"]
[Time "19:05:39"]
[TimeControl "2700+45"]

1. e4 e5 2. Nf3 Nc6 3. Bc4 Nf6 4. Ng5 d5 5. exd5 Na5 6. Bb5+ c6 7. dxc6 bxc6 8.
Qf3 Rb8 9. Bd3 h6 10. Ne4 Nxe4 11. Bxe4 Bb7 12. Nc3 Bc5 13. d3 O-O 14. Bd2 Bb4
15. Qh5 Qf6 16. O-O Rbd8 17. a3 Be7 18. b4 Nc4 19. Bc1 Nd6 20. Bf3 e4 21. Nxe4
Nxe4 22. Bxe4 Qxa1 23. Bxh6 Qf6 24. Bg5 Qg6 25. Bxg6 fxg6 26. Qh4 Bxg5 27. Qxg5
Rf6 28. Qa5 Ra8 29. Qc7 Rf7 30. Qg3 Re8 31. Qxg6 Re2 32. d4 Rd2 33. h3 Rxd4 34.
Re1 Rd8 35. Qh5 Bc8 36. Qc5 Rc7 37. Re7 Rxe7 38. Qxe7 Rf8 39. Qxa7 Bf5 40. c4
Bd3 41. Qc5 Ra8 42. Qxc6 Rxa3 43. Qf3 Ra1+ 44. Kh2 Bxc4 45. Qc6 Bf7 46. b5 Rb1
47. b6 Rd1 48. b7 Bd5 49. Qc8+ Kh7 50. Qf5+ g6 51. Qxd5 Rxd5 52. b8=Q Rf5 53.
Kg3 Rg5+ 54. Kh4 Rh5+ 55. Kg4 Rd5 56. Qb7+ Kh6 57. Qxd5 {Black resigns} 1-0

[Event "Team 45 45 League T40"]
[Site "Internet Chess Club"]
[Date "2009.02.06"]
[Round "2"]
[White "Skylab"]
[Black "Gwyddbwyll"]
[Result "0-1"]
[WhiteElo "1309"]
[BlackElo "1552"]
[Opening "QGD Slav: 4.e3"]
[ECO "D11"]
[Time "16:05:02"]
[TimeControl "2700+45"]

1. d4 Nf6 2. Nf3 d5 3. e3 c6 4. c4 e6 5. Bd3 Bd6 6. Qc2 O-O 7. O-O b6 8. Nc3 Ba6
9. b3 Nbd7 10. e4 dxc4 11. bxc4 e5 12. dxe5 Nxe5 13. Nxe5 Bxe5 14. f4 Qd4+ 15.
Kh1 Bxc4 16. Bxc4 Qxc4 17. fxe5 Qxf1# {White checkmated} 0-1

[Event "Team 45 45 League T40"]
[Site "Internet Chess Club"]
[Date "2009.02.08"]
[Round "2"]
[White "cazj"]
[Black "Skyler"]
[Result "0-1"]
[WhiteElo "1375"]
[BlackElo "1434"]
[Opening "Caro-Kann defense"]
[ECO "B10"]
[Time "14:32:56"]
[TimeControl "2700+45"]

1. e4 c6 2. c3 d5 3. d3 dxe4 4. dxe4 Qxd1+ 5. Kxd1 Bg4+ 6. f3 Bh5 7. Bc4 e6 8.
Ne2 Nd7 9. Be3 O-O-O 10. Nd2 Ne5 11. Kc2 Rxd2+ 12. Bxd2 Nxc4 13. Rad1 Bc5 14.
Bf4 Be3 15. Bd6 Nf6 16. Rd3 Nxe4 17. fxe4 Bxe2 18. Rxe3 Nxe3+ 19. Kd2 Nc4+ 20.
Kxe2 Nxd6 21. Kd3 Rd8 22. Rd1 Nxe4+ 23. Ke2 Rxd1 24. Kxd1 Kd7 25. Ke2 Kd6 26.
Ke3 Ke5 27. Kd3 b5 28. Ke3 a5 29. Kf3 a4 30. Ke3 c5 31. Kd3 f5 32. Ke3 Nxc3 33.
bxc3 b4 34. cxb4 cxb4 35. Kd3 b3 36. a3 g5 37. g3 h5 38. Kd2 f4 {White resigns}
0-1

[Event "Team 45 45 League T40"]
[Site "Internet Chess Club"]
[Date "2009.02.08"]
[Round "2"]
[White "arconia"]
[Black "andrew0311"]
[Result "0-1"]
[WhiteElo "1390"]
[BlackElo "1508"]
[Opening "Inverted Hanham"]
[ECO "C42"]
[Time "09:00:07"]
[TimeControl "2700+45"]

1. e4 e5 2. Nf3 Nf6 3. d3 Nc6 4. Be2 d5 5. Nbd2 d4 6. O-O Be7 7. c3 O-O 8. cxd4
Nxd4 9. Nxd4 Qxd4 10. Nf3 Qd6 11. a3 Nd7 12. b4 Qg6 13. Bb2 Bf6 14. Qc2 c6 15.
h4 Re8 16. h5 Qxh5 17. Nh2 Qg6 18. Qd1 Bg5 19. Bc1 Nb6 20. f4 exf4 21. Bxf4 Bxf4
22. Rxf4 Re5 23. Bg4 Bxg4 24. Nxg4 Rh5 25. Nf6+ gxf6 26. Ra2 Qh6 27. Rg4+ Rg5
28. Rxg5+ Qxg5 29. Qf3 Rd8 30. g4 Kg7 31. Rh2 Qc1+ 32. Kg2 Qd2+ 33. Kg3 Qxd3 34.
Qxd3 Rxd3+ 35. Kf4 Rxa3 36. g5 fxg5+ 37. Kxg5 Rb3 38. e5 Rxb4 39. Rg2 Re4 40.
Kf5+ Kh8 41. Kxe4 Nd7 42. Rf2 Kg7 43. Rg2+ Kf8 44. Rf2 Ke7 45. Kf5 a5 46. Rc2 a4
47. Re2 Nf8 48. Rb2 b5 49. Rc2 b4 50. Rxc6 b3 51. Ra6 b2 52. Rb6 a3 53. Rb7+ Nd7
54. Rb3 a2 55. Rxb2 a1=Q 56. Rb7 Qxe5+ 57. Kg4 Qe4+ {White resigns} 0-1

[Event "Team 45 45 League T40"]
[Site "Internet Chess Club"]
[Date "2009.02.08"]
[Round "2"]
[White "rayspokemon"]
[Black "kidcobra"]
[Result "0-1"]
[WhiteElo "1241"]
[BlackElo "1420"]
[Opening "two knights defense: Ulvestad variation"]
[ECO "C57"]
[Time "12:48:31"]
[TimeControl "2700+45"]

1. e4 e5 2. Nf3 Nc6 3. Bc4 Nf6 4. Ng5 d5 5. exd5 b5 6. Bxb5 Qxd5 7. Nc3 Qxg2 8.
Qf3 Qxf3 9. Nxf3 Bd7 10. a3 Bc5 11. Bxc6 Bxc6 12. Ke2 O-O 13. Rd1 Rfe8 14. Ng1
Ng4 15. b4 Bb6 16. b5 Bb7 17. Na4 Bxf2 18. h3 Bxg1 19. Rxg1 Nf6 20. Nc5 Bd5 21.
Na6 Rac8 22. d3 e4 23. dxe4 Bxe4 24. Kd2 Rcd8+ 25. Kc3 Nd5+ 26. Kb2 Re6 27. Nc5
Ree8 28. Nxe4 Rxe4 29. Bg5 Rb8 30. Rgd1 Rxb5+ 31. Kc1 f6 32. Bd2 Ne3 33. Bxe3
Rxe3 34. Rd8+ Kf7 35. Kd2 Rbe5 36. Rd7+ Re7 37. Rxe7+ Rxe7 38. Re1 Rxe1 39. Kxe1
Ke6 40. Ke2 Ke5 41. Ke3 f5 42. c3 g5 43. a4 f4+ 44. Kf3 h5 45. a5 Kf5 46. c4 g4+
47. hxg4+ hxg4+ 48. Kg2 Ke4 49. c5 f3+ 50. Kf2 Kf4 51. c6 g3+ 52. Kg1 Kg4 53. a6
Kh3 54. Kf1 f2 55. Ke2 Kg2 56. Ke3 f1=Q 57. Ke4 Qf6 58. Kd5 Kf3 59. Kc4 g2 60.
Kd5 g1=Q 61. Kc4 Qgd4+ 62. Kb3 Qb2+ 63. Kc4 Qfd4# {White checkmated} 0-1

[Event "Team 45 45 League T40"]
[Site "Internet Chess Club"]
[Date "2009.02.07"]
[Round "2"]
[White "john-beebs"]
[Black "alaskauk"]
[Result "0-1"]
[WhiteElo "1389"]
[BlackElo "1520"]
[Opening "Caro-Kann: Tartakower (Nimzovich) variation"]
[ECO "B15"]
[Time "15:00:40"]
[TimeControl "2700+45"]

1. e4 c6 2. d4 d5 3. Nc3 dxe4 4. Nxe4 Nf6 5. Nxf6+ exf6 6. Nf3 Bf5 7. Bd3 Bxd3
8. Qxd3 Be7 9. O-O O-O 10. Nh4 g6 11. Nf5 gxf5 12. Qg3+ Kh8 13. Bh6 Rg8 14. Qf4
Qd5 15. g3 Na6 16. c3 Rg4 {White resigns} 0-1

[Event "Team 45 45 League T40"]
[Site "Internet Chess Club"]
[Date "2009.02.06"]
[Round "2"]
[White "medsurg"]
[Black "fuzzface"]
[Result "1-0"]
[WhiteElo "1425"]
[BlackElo "1323"]
[Opening "Bishop's opening"]
[ECO "C23"]
[Time "15:00:14"]
[TimeControl "2700+45"]

1. e4 e5 2. Bc4 h6 3. d4 d6 4. dxe5 dxe5 5. Bxf7+ Ke7 6. Qxd8+ Kxd8 7. Nc3 c6 8.
Nf3 Nd7 9. Be3 Kc7 10. O-O-O Ngf6 11. h3 Bc5 12. Rhe1 Bxe3+ 13. Rxe3 Nc5 14.
Nxe5 Be6 15. Bxe6 Nxe6 16. g3 a5 17. a4 Rhd8 18. f4 Rxd1+ 19. Kxd1 Rd8+ 20. Ke2
Nc5 21. Nc4 Rd4 22. e5 Nd5 23. Nxd5+ Rxd5 24. Nxa5 Nxa4 25. Nc4 b5 26. b3 Nc5
27. Nd6 Ne6 28. Rd3 Nd4+ 29. Kd2 Nf3+ 30. Ke3 Rxd3+ 31. cxd3 Ne1 32. Nf5 Nc2+
33. Kd2 Nb4 34. Nxg7 Nd5 35. f5 Kd7 36. d4 Ke7 37. Nh5 Kf7 38. Nf4 Ne7 39. g4 b4
40. Kd3 Nc8 41. Kc4 Na7 42. Kxb4 Nb5 43. Kc5 Nc3 44. Kxc6 Ne4 45. b4 {Black
resigns} 1-0

[Event "Team 45 45 League T40"]
[Site "Internet Chess Club"]
[Date "2009.02.08"]
[Round "2"]
[White "jschneigi"]
[Black "malihini"]
[Result "1-0"]
[WhiteElo "1249"]
[BlackElo "1254"]
[Opening "QGD Slav defense"]
[ECO "D10"]
[Time "22:02:52"]
[TimeControl "2700+45"]

1. d4 d5 2. c4 c6 3. Nc3 Nf6 4. Bg5 Bf5 5. e3 e6 6. a3 Be7 7. Nf3 h6 8. Bf4 Bd6
9. Bxd6 Qxd6 10. c5 Qe7 11. Nh4 Bh7 12. Nf3 Nbd7 13. Bd3 Ne4 14. Bxe4 dxe4 15.
Nd2 Nf6 16. f3 exf3 17. Qxf3 O-O 18. Nde4 Nxe4 19. Nxe4 Qh4+ 20. Ng3 Be4 21.
Qxe4 Qxe4 22. Nxe4 f5 23. Nd6 f4 24. Ke2 fxe3 25. Kxe3 b6 26. b4 Rf6 27. Rhf1
Raf8 28. Rxf6 Rxf6 29. Ra2 g5 30. Rf2 Kg7 31. Rxf6 Kxf6 32. Ke4 g4 33. Nc8
{Black resigns} 1-0

[Event "Team 45 45 League T40"]
[Site "Internet Chess Club"]
[Date "2009.02.07"]
[Round "2"]
[White "otib2006"]
[Black "MateIn42"]
[Result "1/2-1/2"]
[WhiteElo "1350"]
[BlackElo "1402"]
[Opening "Ruy Lopez: old Steinitz defense"]
[ECO "C62"]
[Time "10:00:17"]
[TimeControl "2700+45"]

1. e4 e5 2. Nf3 Nc6 3. Bb5 d6 4. h3 Bd7 5. O-O Nf6 6. Nc3 a6 7. Bxc6 Bxc6 8. d4
d5 9. exd5 Nxd5 10. Nxd5 Qxd5 11. dxe5 O-O-O 12. Bg5 Qxd1 13. Raxd1 Rxd1 14.
Rxd1 Bc5 15. Be3 Be7 16. Ng5 f6 17. exf6 Bxf6 18. c3 Rd8 19. Rxd8+ Kxd8 20. Nxh7
Be5 21. Ng5 Ke7 22. Bd4 Bxd4 23. cxd4 Kd6 24. f4 g6 25. g4 Kd5 26. Nf3 Ke4 27.
Ne5 Kxf4 28. Nxg6+ Kg3 29. Ne5 Bd5 30. b3 Kxh3 31. g5 Kh4 32. g6 Kh5 33. Kf2 Kh6
34. Ke3 Kg7 35. Kf4 Kf6 36. Kg4 c5 37. Nd7+ Kxg6 38. dxc5 Be6+ 39. Kf4 Bxd7 40.
Ke5 Bc6 41. Kd6 Kf6 42. Kc7 Ke6 43. b4 Ke5 44. a4 Bxa4 45. Kxb7 Bb5 46. c6 Kd6
47. c7 Bd7 48. c8=Q Bxc8+ 49. Kxc8 Kc6 50. Kb8 Kb6 51. Ka8 Kc6 52. Kb8 {Game
drawn by mutual agreement} 1/2-1/2

[Event "Team 45 45 League T40"]
[Site "Internet Chess Club"]
[Date "2009.02.10"]
[Round "2"]
[White "The-Capitalist"]
[Black "Newcastler"]
[Result "0-1"]
[WhiteElo "1181"]
[BlackElo "1275"]
[Opening "Sicilian defense"]
[ECO "B44"]
[Time "21:00:10"]
[TimeControl "2700+45"]

1. e4 c5 2. Nf3 e6 3. d4 cxd4 4. Nxd4 Nc6 5. a3 a6 6. Nc3 Qc7 7. g3 Nf6 8. f4 e5
9. fxe5 Qxe5 10. Bf4 Qxd4 11. Qxd4 Nxd4 12. O-O-O Nb5 13. Nxb5 axb5 14. Bxb5 Be7
15. Bd6 Bxd6 16. e5 Bxe5 17. Rhe1 Ng4 18. h3 Ra5 19. Rd5 f6 20. hxg4 Kf7 21. Bc4
Rxd5 22. Bxd5+ Kg6 23. Be4+ Kg5 24. Rh1 h6 25. Bf3 Bxg3 26. Rh5+ Kf4 27. Rf5+
Ke3 28. Bd1 d6 29. Rf3+ Ke4 30. Rxg3 b6 31. c4 Ba6 32. Bc2+ Kf4 33. Rg1 Bxc4 34.
b3 Be6 35. Rd1 Bxg4 36. Rd4+ Kg3 37. Rxd6 f5 38. Rd3+ Kf4 39. a4 Rc8 40. Rd6 Rb8
41. Rg6 Kg3 42. Bxf5 h5 43. Bxg4 hxg4 44. Kd1 Rd8+ 45. Ke1 Kf3 46. Rxg7 g3 47.
Rf7+ Kg2 48. b4 Ra8 49. Rb7 Rxa4 50. Rxb6 Ra2 51. Rg6 Rb2 52. Rg4 Kh3 53. Rg5
Rxb4 54. Rh5+ Kg2 55. Rf5 Rb2 56. Rf1 Rf2 57. Rxf2+ gxf2+ 58. Ke2 f1=Q+ {White
resigns} 0-1

[Event "Team 45 45 League T40"]
[Site "Internet Chess Club"]
[Date "2009.02.05"]
[Round "2"]
[White "ffplayer"]
[Black "lawth3"]
[Result "0-1"]
[WhiteElo "1068"]
[BlackElo "1092"]
[Opening "QGD: Orthodox defense, Botvinnik variation"]
[ECO "D60"]
[Time "12:01:18"]
[TimeControl "2700+45"]

1. d4 d5 2. c4 e6 3. Nc3 Nf6 4. Bg5 Be7 5. Nf3 O-O 6. e3 Nbd7 7. Bd3 b6 8. O-O
c5 9. Rc1 Ba6 10. cxd5 Bxd3 11. Qxd3 exd5 12. Qc2 Qc7 13. Bf4 Qb7 14. Rfe1 Nh5
15. Bg3 Nxg3 16. fxg3 Rfe8 17. Qb3 c4 18. Qc2 Nf6 19. Rb1 b5 20. b3 Qc6 21. bxc4
bxc4 22. a4 Rab8 23. Nb5 a6 24. Nc3 Rxb1 25. Rxb1 Ng4 26. Nd1 a5 27. h3 Nf6 28.
Nc3 h6 29. g4 Bb4 30. Nb5 Rxe3 31. Ne5 Qb7 32. Nd6 Qa6 33. Ndxf7 Qa7 34. Qg6 Kf8
35. Rf1 Qxd4 36. Nd7+ Ke7 37. Nxf6 Re1+ 38. Kh2 Rxf1 39. Ng8+ Kf8 40. Ngxh6 Qg1+
41. Kg3 Be1# {White checkmated} 0-1

[Event "Team 45 45 League T40"]
[Site "Internet Chess Club"]
[Date "2009.02.09"]
[Round "2"]
[White "KingOfHearts"]
[Black "Graybeard"]
[Result "1-0"]
[WhiteElo "1266"]
[BlackElo "1166"]
[Opening "Giuoco Piano: four knights variation"]
[ECO "C50"]
[Time "20:00:15"]
[TimeControl "2700+45"]

1. e4 e5 2. Nf3 Nc6 3. Bc4 Bc5 4. Nc3 Nf6 5. O-O d6 6. h3 O-O 7. d3 h6 8. Be3
Nd4 9. a3 Nxf3+ 10. Qxf3 Bxe3 11. Qxe3 c6 12. f4 Re8 13. Rf3 Be6 14. fxe5 dxe5
15. Raf1 Qd4 16. Bxe6 Qxe3+ 17. Rxe3 Rxe6 18. Na4 b6 19. c4 Rd8 20. b4 Red6 21.
Rd1 b5 22. c5 Rd4 23. Nc3 a6 24. Ne2 Rxe4 25. Rxe4 Nxe4 26. Kf1 f5 27. d4 Nf6
28. Ke1 f4 29. dxe5 Rxd1+ 30. Kxd1 Nd5 31. e6 Kf8 32. Nd4 Ne3+ 33. Ke2 Ke7 34.
Kf3 g5 35. g3 Nd5 36. h4 g4+ 37. Kxg4 fxg3 38. Kxg3 h5 39. Kf3 Kf6 40. Ke4 Ne7
41. Kf3 Ke5 42. Ke3 Nd5+ 43. Kd3 Kf4 44. Nxc6 Kf5 45. e7 Nc7 46. Kc3 Kg4 47. Kb3
Kxh4 48. a4 Kg4 49. Nb8 h4 50. Nxa6 Ne8 51. c6 h3 52. Nc5 h2 53. Nd3 h1=Q 54.
Nf2+ {Black resigns} 1-0

[Event "Team 45 45 League T40"]
[Site "Internet Chess Club"]
[Date "2009.02.04"]
[Round "2"]
[White "klt713"]
[Black "furrbrain"]
[Result "1-0"]
[WhiteElo "1128"]
[BlackElo "1217"]
[Opening "Queen's pawn: Franco-Indian (Keres) defense"]
[ECO "A40"]
[Time "19:01:57"]
[TimeControl "2700+45"]

1. d4 e6 2. c4 Bb4+ 3. Bd2 c5 4. Bxb4 cxb4 5. Nf3 Nc6 6. e4 d5 7. exd5 exd5 8.
cxd5 Qxd5 9. Nc3 bxc3 10. bxc3 Nf6 11. Bd3 O-O 12. Bf1 a6 13. c4 Qa5+ 14. Qd2
Qxd2+ 15. Kxd2 Ne4+ 16. Ke1 Re8 17. Be2 Nc3 18. Kd2 Nxe2 19. Rhe1 Bd7 20. Rxe2
h6 21. Rae1 Be6 22. d5 Nb4 23. dxe6 Rad8+ 24. Kc3 a5 25. exf7+ Kxf7 26. Ne5+ Kf6
27. Ng4+ Kf5 28. Ne3+ Kg6 29. c5 Rd3+ 30. Kc4 Re4+ 31. Kb5 Nc6 32. Nc2 Rxe2 33.
Rxe2 Nd4+ 34. Nxd4 Rxd4 35. Kxa5 Rd5 36. Kb6 Kf5 37. a4 Re5 38. Rxe5+ Kxe5 39.
a5 Kd5 40. Kxb7 Kxc5 41. a6 {Black resigns} 1-0

[Event "Team 45 45 League T40"]
[Site "Internet Chess Club"]
[Date "2009.02.08"]
[Round "2"]
[White "Traho"]
[Black "mumu"]
[Result "0-1"]
[WhiteElo "1212"]
[BlackElo "1253"]
[Opening "Réti opening"]
[ECO "A04"]
[Time "16:00:15"]
[TimeControl "2700+45"]

1. Nf3 Nc6 2. g3 e5 3. d3 d5 4. Bg2 Nf6 5. O-O Bd6 6. Re1 Be6 7. Nc3 Qc8 8. Ng5
O-O 9. Nxe6 fxe6 10. Nb5 Bc5 11. Bd2 Nd7 12. e3 a6 13. Nc3 Qd8 14. Rf1 Qf6 15.
Qe2 Qe7 16. e4 d4 17. Na4 Bd6 18. b3 Ba3 19. Bc1 b5 20. Nb2 Bxb2 21. Bxb2 a5 22.
a4 b4 23. Bc1 Nf6 24. Bh3 Rad8 25. f4 exf4 26. Bxf4 e5 27. Bg5 Qf7 28. Bxf6 gxf6
29. Qg4+ Kh8 30. Qe2 Rg8 31. Qf3 Rd6 32. Bf5 Rg5 33. Rf2 Ne7 34. h4 Rg7 35. Rg2
Ng6 36. h5 Ne7 37. g4 Rg5 38. h6 Ng6 39. Bxg6 Qxg6 40. Rf1 c6 41. Qg3 Rd7 42.
Rf5 Rf7 43. Qh4 Qg8 44. Qh3 Qf8 45. Qf3 Rg6 46. g5 Qe7 47. Rf2 Qd8 48. Kh1 Kg8
49. Rxf6 Rfxf6 50. Qxf6 Rxf6 51. Rf1 Rxf1+ {White resigns} 0-1

[Event "Team 45 45 League T40"]
[Site "Internet Chess Club"]
[Date "2009.02.09"]
[Round "2"]
[White "rgadoury"]
[Black "jocooper"]
[Result "0-1"]
[WhiteElo "1261"]
[BlackElo "1172"]
[Opening "Pirc: classical (two knights) system"]
[ECO "B08"]
[Time "21:00:38"]
[TimeControl "2700+45"]

1. e4 d6 2. d4 Nf6 3. Nc3 g6 4. Nf3 Bg7 5. Bc4 O-O 6. O-O c6 7. Re1 Nbd7 8. Rb1
b5 9. Bd3 e5 10. b4 a6 11. Bb2 Bb7 12. Ne2 Rc8 13. dxe5 dxe5 14. Nxe5 Nxe5 15.
Bxe5 Re8 16. Bd4 Rc7 17. Ng3 Qxd4 18. Rb3 Rd7 19. Ne2 Qd6 20. h3 Nxe4 21. Bxe4
Qxd1 22. Rxd1 Rxd1+ 23. Kh2 Rxe4 {White resigns} 0-1

[Event "Team 45 45 League T40"]
[Site "Internet Chess Club"]
[Date "2009.02.08"]
[Round "2"]
[White "WannaB"]
[Black "taichichen"]
[Result "1/2-1/2"]
[WhiteElo "1116"]
[BlackElo "1127"]
[Opening "Two knights defense (Modern bishop's opening)"]
[ECO "C55"]
[Time "10:45:35"]
[TimeControl "2700+45"]

1. e4 e5 2. Nf3 Nc6 3. Bc4 Nf6 4. d3 b6 5. c3 Bb7 6. b4 a5 7. b5 Na7 8. O-O c6
9. bxc6 Nxc6 10. a4 Bc5 11. Bg5 O-O 12. d4 exd4 13. e5 d5 14. Bb5 h6 15. Bxf6
gxf6 16. cxd4 Bb4 17. Bd3 fxe5 18. dxe5 d4 19. Nbd2 Re8 20. Nc4 Ba6 21. Nd6 Nxe5
22. Nxe8 Bxd3 23. Nxe5 Bxf1 24. Kxf1 Bc3 25. Rb1 Qxe8 26. Qg4+ Kf8 27. Nd7+ Ke7
28. Nxb6 Rd8 29. Qh4+ f6 30. Qxh6 d3 31. Qe3+ Kf7 32. Qxe8+ Rxe8 33. Nc4 d2 34.
Nd6+ Kf8 35. Nxe8 Kxe8 36. Ke2 Kd7 37. Kd3 Bb4 38. Kc4 Ke6 39. Kd3 Ke5 40. Rd1
f5 41. Rxd2 Bxd2 42. Kxd2 f4 43. Kd3 Kd5 44. g3 Kc5 45. Kc3 f3 46. h4 Kd5 47.
Kd3 Kc5 48. Kc3 Kd5 49. h5 Ke6 50. g4 Kf6 51. Kd3 Kg5 52. Ke3 Kh6 53. Kxf3 Kg7
54. Kf4 Kf6 55. f3 Kg7 56. Kf5 Kh7 57. Kg5 Kg7 58. f4 Kf7 59. f5 Ke7 60. Kg6 Kf8
61. f6 Kg8 62. h6 Kh8 63. g5 Kg8 64. h7+ Kh8 65. Kf5 Kxh7 66. f7 Kg7 67. g6 Kf8
68. g7+ Kxg7 69. Ke6 Kf8 70. Kd5 Kxf7 71. Kc5 Ke7 72. Kb5 Kd8 73. Kxa5 Kc7 74.
Kb5 Kb7 75. a5 Ka7 76. a6 Kb8 77. Kb6 Ka8 78. Ka5 Ka7 79. Kb5 Kb8 80. Kb6 Ka8
{Game drawn by mutual agreement} 1/2-1/2

[Event "Team 45 45 League T40"]
[Site "Internet Chess Club"]
[Date "2009.02.06"]
[Round "2"]
[White "baseball613"]
[Black "RancidTurnip"]
[Result "1-0"]
[WhiteElo "1133"]
[BlackElo "1020"]
[Opening "Queen's Indian defense"]
[ECO "A47"]
[Time "09:13:27"]
[TimeControl "2700+45"]

1. d4 Nf6 2. Nf3 b6 3. Bf4 Bb7 4. e3 e6 5. c3 Be7 6. Bd3 c5 7. Nbd2 d5 8. Ne5
Nbd7 9. Ndf3 c4 10. Bc2 h6 11. Nxd7 Qxd7 12. Ne5 Qd8 13. h4 O-O 14. Qf3 Re8 15.
Qg3 Nh5 16. Qg4 Nxf4 17. Qxf4 Bd6 18. Qxf7+ Kh8 19. Ng6+ Kh7 20. Qxb7 Qf6 21. h5
Reb8 22. Qd7 Rd8 23. Qxe6 Qxe6 24. Nf4+ Kg8 25. Nxe6 Re8 26. Bf5 Kf7 27. Nc7
Bxc7 28. Bg6+ Kf8 29. Bxe8 Rxe8 30. Ke2 Re4 31. f3 Re6 32. Rh4 Bd8 33. Rf4+ Rf6
34. Rxf6+ Bxf6 35. g4 Ke7 36. f4 Ke6 37. Rg1 b5 38. g5 hxg5 39. fxg5 Be7 40. h6
Kf7 41. h7 {Black resigns} 1-0

[Event "Team 45 45 League T40"]
[Site "Internet Chess Club"]
[Date "2009.02.07"]
[Round "2"]
[White "Monsieur"]
[Black "PJ"]
[Result "1-0"]
[WhiteElo "1693"]
[BlackElo "1796"]
[Opening "Trompowsky attack (Ruth, Opocenský opening)"]
[ECO "A45"]
[Time "03:00:39"]
[TimeControl "2700+45"]

1. d4 Nf6 2. Bg5 h6 3. Bxf6 exf6 4. e3 d5 5. Nf3 Be6 6. Bd3 Bd6 7. O-O O-O 8.
Nh4 Qd7 9. f4 f5 10. Qh5 Be7 11. Nxf5 Bxf5 12. Bxf5 Qd6 13. Rf3 Nd7 14. Bxd7
Qxd7 15. Nc3 c6 16. Raf1 Qd6 17. f5 Qf6 18. Rg3 Qh4 19. Qf3 Bd6 20. Rh3 Qf6 21.
e4 Qxd4+ 22. Kh1 Rae8 23. exd5 Re7 24. dxc6 bxc6 25. Qxc6 Qf4 26. Qf3 Qxf3 27.
Rhxf3 Be5 28. Nd5 Rb7 29. b3 f6 30. c4 Rd8 31. g4 Kf7 32. h4 Rbb8 33. h5 Rd6 34.
Re1 Ra6 35. Re2 Rc6 36. Nf4 Rd6 37. Ng6 Rbd8 38. Nxe5+ fxe5 39. Rxe5 Rd1+ 40.
Kg2 R8d2+ 41. Rf2 Rd4 42. Kg3 Rg1+ 43. Rg2 Rxg4+ 44. Kxg4 Rxg2+ 45. Kf4 Rxa2 46.
Rb5 Ra6 47. Ke5 Ke7 48. Rb7+ Kf8 49. b4 Kg8 50. b5 Ra4 51. c5 Ra1 52. c6 Kh7 53.
c7 Rc1 54. Rxa7 Rc5+ 55. Kd6 {Black resigns} 1-0

[Event "Team 45 45 League T40"]
[Site "Internet Chess Club"]
[Date "2009.02.09"]
[Round "2"]
[White "musk6868"]
[Black "crankn8tr"]
[Result "1-0"]
[WhiteElo "1693"]
[BlackElo "1530"]
[Opening "Sicilian: Pelikan (Lasker/Sveshnikov) variation"]
[ECO "B33"]
[Time "21:05:53"]
[TimeControl "2700+45"]

1. e4 c5 2. Nf3 Nc6 3. d4 cxd4 4. Nxd4 Nf6 5. Nc3 e5 6. Ndb5 Bc5 7. Nd6+ Ke7 8.
Nf5+ Kf8 9. Be3 Bb4 10. a3 Bxc3+ 11. bxc3 Nxe4 12. Qg4 g6 13. Qxe4 d5 14. Bc5+
Kg8 15. Nh6+ Kg7 16. Qe3 b6 17. Bb5 d4 18. Qe4 bxc5 19. Bxc6 Rb8 20. Qxe5+ Qf6
21. Qxf6+ Kxf6 22. Bd5 Re8+ 23. Kd2 Bb7 24. Bxb7 Rxb7 25. Rab1 Rbe7 26. Rhe1 Kg7
27. Rxe7 Rxe7 28. Nxf7 Kxf7 29. cxd4 cxd4 30. Kd3 Rd7 31. Rb4 {Black resigns}
1-0

[Event "Team 45 45 League T40"]
[Site "Internet Chess Club"]
[Date "2009.02.07"]
[Round "2"]
[White "medsurg"]
[Black "Fogbound"]
[Result "1-0"]
[WhiteElo "1400"]
[BlackElo "1189"]
[Opening "Giuoco Piano"]
[ECO "C50"]
[Time "15:00:08"]
[TimeControl "2700+45"]

1. e4 e5 2. Bc4 Bc5 3. Nf3 Nc6 4. O-O Nf6 5. d3 d6 6. a3 Bg4 7. c3 O-O 8. Qe2 a6
9. Be3 Ba7 10. Bxa7 Nxa7 11. Nbd2 b5 12. Bb3 Nc6 13. Bc2 Re8 14. Rfe1 Nh5 15. h3
Nf4 16. Qf1 Bxf3 17. Nxf3 Qf6 18. g3 Qg6 19. Kh2 Nh5 20. Qg2 Qh6 21. Rad1 Nd8
22. d4 Ne6 23. d5 Nhf4 24. gxf4 Nxf4 25. Qg3 Nh5 26. Qg4 Nf4 27. Nh4 Qf6 28. Rg1
Ng6 29. Nxg6 Qxf2+ 30. Rg2 Qa7 31. Nxe5 g6 32. Nd7 Kg7 33. Rf1 Re7 34. Nf6 Re5
35. Rf5 Rxf5 36. exf5 Kxf6 37. fxg6 Rg8 38. Qf5+ Ke7 39. Qxf7+ Kd8 40. Qxg8+ Kd7
41. Bf5+ Ke7 42. Re2+ Kf6 43. Qf7+ Kg5 44. Rg2+ Kf4 45. gxh7 Qe3 46. Bc2+ Ke5
47. Qe6+ Kf4 48. Qxe3+ Kxe3 49. h8=Q {Black resigns} 1-0

[Event "Team 45 45 League T40"]
[Site "Internet Chess Club"]
[Date "2009.02.08"]
[Round "2"]
[White "Gupta"]
[Black "jacknor"]
[Result "1-0"]
[WhiteElo "1730"]
[BlackElo "1648"]
[Opening "Nimzo-Indian: classical, Milner-Barry (Zurich) variation"]
[ECO "E33"]
[Time "13:04:19"]
[TimeControl "2700+45"]

1. d4 Nf6 2. c4 e6 3. Nc3 Bb4 4. Qc2 Nc6 5. Nf3 d6 6. Bg5 h6 7. Bxf6 Qxf6 8. e3
O-O 9. Bd3 e5 10. d5 Nb8 11. Nd2 Bxc3 12. Qxc3 Nd7 13. Ne4 Qe7 14. b4 f5 15. Nd2
e4 16. Bc2 Qf6 17. Qxf6 Rxf6 18. f4 a6 19. Ba4 Rb8 20. Bxd7 Bxd7 21. Nb3 c6 22.
O-O-O cxd5 23. Rxd5 Bc6 24. Rd4 b5 25. c5 dxc5 26. Nxc5 Be8 27. Rhd1 Rc6 28. Kb2
a5 29. a3 axb4 30. axb4 Kf7 31. Ra1 Rg6 32. Ra7+ Kg8 33. g3 h5 34. Na6 Rc8 35.
Nc7 h4 36. Nxe8 Rxe8 37. gxh4 Rg2+ 38. Kc3 Rxh2 39. Rdd7 Rg2 40. Rab7 Rc8+ 41.
Rdc7 Rxc7+ 42. Rxc7 Rh2 43. Rc5 g6 44. Rxb5 Rxh4 45. Rb8+ Kg7 46. b5 Rh1 47. b6
Rb1 48. b7 Kh7 49. Kd4 Kg7 50. Ke5 Rb6 51. Kd5 Rb1 52. Kc6 Rc1+ 53. Kd7 Rb1 54.
Ke7 Rb6 55. Kd7 Rb3 56. Kc7 Rc3+ 57. Kd7 Rb3 58. Kc6 Rc3+ 59. Kb5 Rb3+ 60. Kc4
Rb1 61. Kc5 Rb2 62. Kc6 Rb1 63. Rc8 Rc1+ 64. Kd7 Rd1+ 65. Ke7 Rb1 66. b8=Q Rxb8
67. Rxb8 g5 68. fxg5 Kg6 69. Rg8+ Kh5 70. Kf6 Kg4 71. g6 f4 72. exf4 Kxf4 73.
Re8 {Black resigns} 1-0

[Event "Team 45 45 League T40"]
[Site "Internet Chess Club"]
[Date "2009.02.08"]
[Round "2"]
[White "ErycC"]
[Black "evsponge1"]
[Result "0-1"]
[WhiteElo "1585"]
[BlackElo "1328"]
[Opening "Bird's opening"]
[ECO "A02"]
[Time "22:07:02"]
[TimeControl "2700+45"]

1. f4 c5 2. Nf3 e6 3. e3 d5 4. Ne5 Qc7 5. Bb5+ Nd7 6. Bxd7+ Bxd7 7. O-O Bb5 8.
d3 Bd6 9. Qf3 Nh6 10. Nc3 Ba6 11. Qg3 Nf5 12. Qg4 Bxe5 13. fxe5 Qxe5 14. e4 Qd4+
15. Kh1 h5 16. Qf3 dxe4 17. Nxe4 h4 18. Re1 Bb5 19. Nc3 Ng3+ 20. hxg3 hxg3+
{White resigns} 0-1

[Event "Team 45 45 League T40"]
[Site "Internet Chess Club"]
[Date "2009.02.08"]
[Round "2"]
[White "katabatico"]
[Black "jjaillet2007"]
[Result "1-0"]
[WhiteElo "1368"]
[BlackElo "1209"]
[Opening "French: advance, Paulsen attack"]
[ECO "C02"]
[Time "15:08:46"]
[TimeControl "2700+45"]

1. e4 e6 2. d4 d5 3. e5 c5 4. c3 Nc6 5. Nf3 a6 6. Be2 cxd4 7. cxd4 Bb4+ 8. Nc3
Nge7 9. O-O O-O 10. a3 Ba5 11. Bg5 h6 12. Bh4 Bb6 13. Rb1 Qd7 14. Na4 Ba7 15.
Nc5 Bxc5 16. dxc5 Nf5 17. Bd3 Qc7 18. Bxf5 exf5 19. Bg3 f6 20. exf6 f4 21. Qxd5+
Qf7 22. Qxf7+ Rxf7 23. fxg7 Kxg7 24. Bh4 Bg4 25. Nd2 Ne5 26. f3 Bf5 27. Rbd1 Nd3
28. b4 a5 29. Nc4 axb4 30. Nd6 Nb2 31. Nxf5+ Kg6 32. Ne7+ Kh5 33. Rd5+ Kxh4 34.
Ng6# {Black checkmated} 1-0